 Dungeon Crawl Stone Soup version 0.30-a0-313-gae38170b09 (webtiles) character file.

Game seed: 7952807859874983106

137 Babtu the Trooper (level 5, 0/47 HPs)
             Began as a Minotaur Fighter on Oct 26, 2022.
             Slain by a killer bee (1 damage)
             ... on level 3 of the Dungeon.
             The game lasted 00:11:13 (3315 turns).

Babtu the Trooper (Minotaur Fighter)                Turns: 3315, Time: 00:11:14

Health: 0/47       AC:  9    Str: 21    XL:     5   Next: 0%
Magic:  4/4        EV:  7    Int:  5    God:
Gold:   156        SH:  6    Dex: 11    Spells: 4/4 levels left

rFire   . . .      SeeInvis .    a - +1 long sword
rCold   . . .      Faith    .    c - +1 buckler
rNeg    . . .      Spirit   .    j - +0 chain mail
rPois   .          Reflect  .    (helmet restricted)
rElec   .          Harm     .    (no cloak)
rCorr   .          Rampage  .    (no gloves)
Will    .....                    (no boots)
Stlth   ..........               (no amulet)
HPRegen 0.27/turn                (no ring)
MPRegen 0.09/turn                (no ring)

@: lethally poisoned (0 -> -18)
A: horns 2, retaliatory headbutt
a: no special abilities


You were on level 3 of the Dungeon.
You visited 1 branch of the dungeon, and saw 4 of its levels.

You collected 156 gold pieces.

Inventory:

Hand Weapons
 a - a +1 long sword (weapon)
Missiles
 r - 7 poisoned darts (quivered)
Armour
 c - a +1 buckler (worn)
 j - a +0 chain mail (worn)
Jewellery
 f - a ring of willpower
 h - a ring of resist corrosion
Scrolls
 b - 2 scrolls of identify
 e - a scroll of enchant armour
 q - a scroll of butterflies {unknown}
Potions
 d - a potion of degeneration {unknown}
 g - a potion of magic {unknown}
 i - 2 potions of flight {unknown}
 k - a potion of attraction {unknown}
 n - a potion of heal wounds {unknown}
 o - a potion of brilliance {unknown}


   Skills:
 + Level 4.4 Fighting
 + Level 3.5 Long Blades
 + Level 1.1 Throwing
 + Level 4.3 Armour
 + Level 1.6 Dodging
 + Level 4.4 Shields


You had 4 spell levels left.
You didn't know any spells.
Your spell library contained the following spells:

 Spells                   Type           Power      Damage    Failure   Level
 Magic Dart               Conj           0%         1d3       99%         1
 Call Imp                 Summ           0%         N/A       100%        2
 Sublimation of Blood     Necr           0%         N/A       100%        2
 Wereblood                Tmut           0%         N/A       100%        2
 Call Canine Familiar     Summ           0%         N/A       100%        3
 Mephitic Cloud           Conj/Pois/Air  0%         N/A       100%        3
 Portal Projectile        Hex/Tloc       0%         N/A       100%        3
 Leda's Liquefaction      Hex/Erth       0%         N/A       100%        4
 Summon Hydra             Summ           0%         N/A       100%        7


Dungeon Overview and Level Annotations

Branches:
Dungeon (4/15)
 Temple: D:4-7

Altars:

Shops:
D:1 =


Innate Abilities, Weirdness & Mutations

You have a pair of horns on your head.
You reflexively headbutt those who attack you in melee.


Message History

You block the killer bee's attack.
You hit the killer bee. Your headbutt misses the killer bee.
The killer bee is lightly wounded.
The killer bee stings you but does no damage.
The killer bee stings you.
You closely miss the killer bee.
The killer bee is lightly wounded.
The killer bee stings you. The killer bee barely misses you. x2
The killer bee stings you but does no damage.
The killer bee stings you but does no damage.
The killer bee stings you.
You are poisoned.
The killer bee poisons you! You block the killer bee's attack.
You hit the killer bee.
The killer bee is lightly wounded.
You feel very sick. The killer bee barely misses you.
The killer bee stings you but does no damage.
The killer bee barely misses you. The killer bee stings you. x2
You are more poisoned.
The killer bee poisons you! The killer bee stings you.
The killer bee attacks as you move away!
The killer bee stings you.
* * * LOW HITPOINT WARNING * * *
The killer bee attacks as you move away!
The killer bee stings you.
* * * LOW HITPOINT WARNING * * *
x2 You feel very sick.
As you read the scroll labelled YHYXA WAUSS, it crumbles to dust.
It is a scroll of enchant weapon.
Your +0 long sword glows red for a moment.
* * * LOW HITPOINT WARNING * * *
You feel very sick. The killer bee stings you.
* * * LOW HITPOINT WARNING * * *
You are more poisoned.
The killer bee poisons you! The killer bee barely misses you.
You furiously retaliate!
You headbutt the killer bee! The killer bee stings you.
You die...

######## #...#..# #.#.#..#
#.#.#..##########
#.#....##........
#.###)###........
########.###.###........
#..>..yy.......'........
#####'#.#.#@..##.###........
#.......#.###.##.# #........
#.........##.....# #........
#.......####...### #........
#.......####.#...###########
#.......#....###..#########.
#......##.#### ##...........
#########.##.# ##########..
#..).# ##.


You could see 2 killer bees.

Vanquished Creatures
  An orc priest (D:2)
  An orc wizard (D:2)
  4 gnolls
  A dart slug (D:2)
  A worm (D:3)
  An orc (D:2)
  3 bats
  2 endoplasms
  2 giant cockroaches
  6 goblins
  3 hobgoblins
  3 jackals (D:2)
  3 kobolds
  A quokka (D:2)
  3 ball pythons
  A frilled lizard (D:2)
  4 rats (D:1)
40 creatures vanquished.

Notes
Turn   | Place    | Note
-------+----------+-------------------------------------------
     0 | D:1      | Babtu the Minotaur Fighter began the quest for the Orb.
     0 | D:1      | Reached XP level 1. HP: 19/19 MP: 0/0
    72 | D:1      | You fall into a shaft and drop 1 floor!
   381 | D:2      | Reached XP level 2. HP: 25/27 MP: 1/1
  1197 | D:1      | Found a faded altar of an unknown god.
  1215 | D:1      | Found Itoep's Jewellery Shop.
  1219 | D:1      | Reached XP level 3. HP: 32/33 MP: 2/2
  2218 | D:2      | Reached skill level 1 in Dodging
  2451 | D:3      | Reached XP level 4. HP: 17/40 MP: 3/3
  2453 | D:3      | HP: 2/40 [gnoll/+0 halberd (3)]
  2705 | D:2      | Reached skill level 1 in Throwing
  3094 | D:3      | Reached XP level 5. HP: 47/47 MP: 4/4
  3315 | D:3      | HP: 1/47 [killer bee (4)]
  3315 | D:3      | Slain by a killer bee

Illustrated notes

Levels and vault maps discovered:
D:1:      matt_arrival_spirals, layout_rooms, serial_shops, shop,
          dreamdust_ecumenical_altar_angels_and_demons
D:2:      layout_basic, roderic_serpentine_path
D:3:      layout_basic
D:4:      minmay_wonky_spiral, layout_cave_pools, minmay_temple_entry_fiery,
          uniq_sigmund

Skill      XL: |  1  2  3  4 |
---------------+-------------+-----
Shields        | 4 |  4.4
Fighting       | 4 |  4.4
Armour         | 4 |  4.3
Long Blades    | 3 |  3.5
Dodging        | 1 |  1.6
Throwing       | 1 |  1.1

Action                   |  1- 3 |  4- 6 || total
-------------------------+-------+-------++-------
Melee: Long sword        |    57 |    20 ||    77
       Headbutt          |     9 |     3 ||    12
  Use: Scroll            |     7 |     1 ||     8
       Potion            |     4 |       ||     4
Armor: Scale mail        |    17 |       ||    17
       Chain mail        |    20 |    13 ||    33
Dodge: Dodged            |    52 |    16 ||    68
Block: Buckler           |    37 |     9 ||    46

Table legend: (Time is in decaauts)
 A = Elapsed time spent in this place.
 B = Non-inter-level travel time spent in this place.
 C = Inter-level travel time spent in this place.
 D = Time resting spent in this place.
 E = Time spent auto-exploring this place.
 F = Levels seen in this place.
 G = Mean time per level.
                   A        B        C        D        E       F      G
               +--------+--------+--------+--------+--------+-----+--------+
         Total |   3349 |   3236 |    113 |    702 |   1935 |   4 |  837.2 |
       Dungeon |   3349 |   3236 |    113 |    702 |   1935 |   4 |  837.2 |
               +--------+--------+--------+--------+--------+-----+--------+

Top non-repeatable levels by time:
     D:2: 1438 daAuts
     D:1: 1011 daAuts
     D:3: 895 daAuts
     D:4: 4 daAuts
